 Dungeon Crawl Stone Soup version 0.24.0-13-gcf9b319 (webtiles) character file.

Game seed: 2297975997695810162, levelgen mode: deterministic

4329 Arex the Skirmisher (level 10, -1/86 HPs)
             Began as a Ghoul Fighter on Jan 4, 2020.
             Was an Elder of Cheibriados.
             Slain by a death yak (16 damage)
             ... on level 7 of the Dungeon.
             The game lasted 00:14:51 (7032 turns).

Arex the Skirmisher (Ghoul Fighter)                 Turns: 7032, Time: 00:14:52

Health: -1/86      AC: 16    Str: 32    XL:     10   Next: 33%
Magic:  13/13      EV:  9    Int: 13    God:    Cheibriados [****..]
Gold:   69         SH: 12    Dex: 21    Spells: 9/9 levels left

rFire    . . .     SeeInvis .     - Unarmed
rCold    + . .     Gourm    .   b - +0 shield
rNeg     + + +     Faith    .   y - +0 plate armour
rPois    ∞         Spirit   .   l - +1 helmet
rElec    .         Reflect  .   j - +0 cloak
rCorr    .         Harm     .   (no gloves)
MR       .....                  (no boots)
Stlth    ..........             (no amulet)
HPRegen  0.00/turn              a - +4 ring of dexterity
MPRegen  0.13/turn              (no ring)

@: rotting, very slow
A: rotting body, claws 1, carnivore, cold resistance 1, negative energy
resistance 3, inhibited regeneration, torment resistance, unbreathing
a: Bend Time, Temporal Distortion, Slouch, Renounce Religion


You were on level 7 of the Dungeon.
You worshipped Cheibriados.
Cheibriados was greatly pleased with you.
You were not hungry.

You visited 1 branch of the dungeon, and saw 8 of its levels.

You collected 451 gold pieces.
You spent 382 gold pieces at shops.

Inventory:

Armour
 b - a +0 shield (worn)
 j - a +0 cloak (worn)
 l - a +1 helmet (worn)
 y - a +0 plate armour (worn)
Jewellery
 a - a +4 ring of dexterity (left claw)
 c - an uncursed ring of attention
Wands
 m - a wand of flame (5)
 z - a wand of digging (1)
Scrolls
 i - a scroll of noise
 o - 3 scrolls of fog
 p - 4 scrolls of teleportation
 u - 2 scrolls of enchant armour
 v - 2 scrolls of random uselessness
 w - 3 scrolls of remove curse
 x - 2 scrolls of amnesia
 A - a scroll of blinking
Potions
 e - a potion of haste
 g - 3 potions of lignification
 h - a potion of heal wounds
 k - 6 potions of curing
 n - 3 potions of flight
 q - a potion of might
 r - 4 potions of brilliance
Comestibles
 d - 16 rations


   Skills:
 + Level 7.5 Fighting
 + Level 6.3 Armour
 + Level 4.6 Dodging
 + Level 6.3 Shields
 + Level 7.1 Unarmed Combat
 + Level 6.3 Invocations


You had 9 spell levels left.
You didn't know any spells.
Your spell library was empty.

Dungeon Overview and Level Annotations

Branches:
Dungeon (8/15)             Temple (0/1) D:4            Lair (0/6) D:8

Altars:
Ashenzari
Cheibriados
Dithmenos
Hepliaklqana
Kikubaaqudgha

Shops:
D:8 :?

Annotations:
D:4 2 transporters
D:6 2 transporters, DS's ghost, novice DsGl
D:8 1 runed translucent door, austinbyrn's ghost, novice GrFi


Innate Abilities, Weirdness & Mutations

Your body is rotting away.
You thrive on raw meat.
You are immune to poison.
You have sharp fingernails.
You are carnivorous and can eat meat at any time.
Your flesh is cold resistant. (rC+)
You are immune to negative energy. (rN+++)
You do not regenerate when monsters are visible.
You are immune to unholy pain and torment.
You can survive without breathing.


Message History

Eat a chunk of flesh? (ye/n/q)
You eat the chunk of flesh.
This raw flesh tastes great!
The death yak barely misses you.
You scratch the death yak.
The death yak is heavily wounded.
You block the death yak's attack.
You barely miss the death yak.
The death yak is heavily wounded.
The death yak closely misses you.
You claw the death yak!
The death yak is heavily wounded.
The death yak gores you but does no damage.
You claw the death yak!
The death yak is severely wounded.
The death yak gores you!
* * * LOW HITPOINT WARNING * * *
Your plate armour prevents you from hitting the death yak.
The death yak is severely wounded.
The death yak gores you!
You die...

#.......# #.≈♣≈.≈≈≈≈##.#
#...##### #.≈♣≈.≈P≈.....
##.## #.≈♣≈.P≈♣##### #.#
#####.♣♣≈.≈≈P# # #.#
#.....♣≈≈.≈≈≈♣ ## #.#
#(###≈♣≈≈.≈≈≈♣ #≈ #># #.#
#♣♣P≈.≈≈≈♣ ♣♣
#.########.###≈♣P≈.P≈≈♣♣ ♣♣
#.........@Y##.≈♣P.≈≈PP♣♣♣≈
#.########.÷##.#P≈.P≈≈≈≈≈≈P
#.# #..##...♣.≈≈≈≈≈≈≈≈ #.#
#.....#........... #.######
#..####...≈≈≈≈≈≈≈≈ #......#
#..# ##♣≈≈≈≈≈≈≈≈P #.####.#
#..# #≈≈≈≈≈≈≈≈≈≈ #.# #.#
#..# ##≈≈≈≈≈≈≈≈≈ #.####.#
#..# ##♣≈≈≈≈≈≈≈


You could see a death yak.

Vanquished Creatures
  A two-headed ogre (D:6)
  A death yak (D:7)
  A hippogriff (D:7)
  A spriggan (D:7)
  A hungry ghost (D:7)
  A porcupine (D:8)
  2 black bears (D:6)
  2 orc warriors
  An ice beast (D:5)
  2 phantoms
  A centaur (D:7)
  A big kobold (D:7)
  Blork the orc (D:5)
  A bullfrog (D:7)
  A wyvern skeleton (D:7)
  2 scorpions
  A water moccasin skeleton (D:7)
  4 killer bees (D:7)
  3 howler monkeys
  5 electric eels (D:7)
  2 crimson imps
  A centaur zombie (D:7)
  3 jellies
  A bullfrog zombie (D:8)
  An orc priest (D:6)
  A centaur skeleton (D:5)
  4 hounds
  An orc wizard (D:7)
  4 worker ants
  Ijyb (D:5)
  An iguana (D:8)
  A hell rat (D:8)
  A worker ant zombie (D:7)
  Robin (D:2)
  4 gnolls (D:5)
  9 adders
  2 shadow imps
  3 oozes (D:3)
  An adder skeleton (D:5)
  3 worms
  A dart slug (D:2)
  2 leopard geckos
  14 orcs
  5 giant cockroaches
  14 goblins
  12 hobgoblins
  10 jackals
  5 quokkas
  6 bats
  4 frilled lizards
  A giant cockroach zombie (D:6)
  A jackal zombie (D:6)
  9 kobolds
  A quokka skeleton (D:6)
  11 rats
174 creatures vanquished.

Vanquished Creatures (others)
  A kobold (D:7)
  6 plants
7 creatures vanquished.

Grand Total: 181 creatures vanquished

Notes
Turn   | Place    | Note
-------+----------+-------------------------------------------
     0 | D:1      | Arex the Ghoul Fighter began the quest for the Orb.
     0 | D:1      | Reached XP level 1. HP: 19/19 MP: 0/0
   262 | D:1      | Reached XP level 2. HP: 26/26 MP: 1/1
   691 | D:2      | Reached XP level 3. HP: 30/30 MP: 2/2
   744 | D:2      | You fall into a shaft and drop 2 floors!
   963 | D:3      | Found a hazy altar of Hepliaklqana.
  1024 | D:3      | Reached XP level 4. HP: 38/39 MP: 3/3
  1316 | D:2      | Noticed Robin
  1341 | D:2      | Killed Robin
  1341 | D:2      | Reached XP level 5. HP: 43/46 MP: 4/4
  1568 | D:2      | Found a snail-covered altar of Cheibriados.
  1578 | D:2      | Became a worshipper of Cheibriados the Contemplative
  1879 | D:3      | Found a shadowy altar of Dithmenos.
  2399 | D:4      | Found a transporter.
  2402 | D:4      | Noticed a phantom
  2426 | D:4      | Killed a phantom
  2426 | D:4      | Reached skill level 1 in Invocations
  2426 | D:4      | Reached XP level 6. HP: 17/53 MP: 4/6
  2835 | D:4      | Found a staircase to the Ecumenical Temple.
  2862 | D:4      | Found a transporter.
  2864 | D:4      | Noticed a fire bat
  3114 | D:5      | Entered Level 5 of the Dungeon
  3356 | D:5      | Reached * piety under Cheibriados
  3472 | D:5      | Noticed Blork the orc
  3494 | D:5      | Killed Blork the orc
  3494 | D:5      | Reached XP level 7. HP: 28/60 MP: 7/7
  3725 | D:5      | Reached skill level 1 in Dodging
  3743 | D:5      | Reached skill level 5 in Fighting
  3781 | D:5      | Noticed Ijyb
  3791 | D:5      | Killed Ijyb
  4106 | D:5      | Reached XP level 8. HP: 57/68 MP: 9/9
  4250 | D:6      | Identified the +2 ring mail of Cloud Cover {+Blink Str-3
                  | Dex+2}
  4250 | D:6      | Identified the cursed +0 buckler of the Realm of Zot {rElec
                  | rF++ Int+4}
  4377 | D:6      | Noticed a two-headed ogre
  4384 | D:6      | Killed a two-headed ogre
  4384 | D:6      | Reached skill level 5 in Armour
  4384 | D:6      | Reached skill level 5 in Shields
  4384 | D:6      | Reached skill level 5 in Unarmed Combat
  4398 | D:6      | Reached ** piety under Cheibriados
  4481 | D:6      | Found an ancient bone altar of Kikubaaqudgha.
  4566 | D:6      | Reached XP level 9. HP: 46/75 MP: 11/11
  4736 | D:6      | Found a shattered altar of Ashenzari.
  4805 | D:6      | Found a transporter.
  4810 | D:6      | Found a transporter.
  4815 | D:6      | Noticed DS's ghost (novice DsGl)
  5522 | D:7      | Reached skill level 5 in Invocations
  5541 | D:7      | Got a bound ruby amulet
  5573 | D:7      | Identified the amulet "Lot Zall" {Inacc rElec Str+7 Dex-3
                  | Stlth+} (You found it on level 7 of the Dungeon)
  5852 | D:7      | Reached *** piety under Cheibriados
  6460 | D:7      | Reached XP level 10. HP: 67/86 MP: 13/13
  6605 | D:8      | Found a runed translucent door.
  6605 | D:8      | Noticed austinbyrn's ghost (novice GrFi)
  6699 | D:8      | Found Gooffeca's Magic Scroll Emporium.
  6705 | D:8      | Reached **** piety under Cheibriados
  6708 | D:8      | Bought a scroll of identify for 26 gold pieces
  6708 | D:8      | Bought a scroll of identify for 26 gold pieces
  6708 | D:8      | Bought a scroll of enchant armour for 97 gold pieces
  6708 | D:8      | Bought a scroll of enchant armour for 97 gold pieces
  6708 | D:8      | Bought a scroll of blinking for 97 gold pieces
  6708 | D:8      | Bought a scroll of teleportation for 39 gold pieces
  6826 | D:8      | Found Mast's Book Emporium.
  6860 | D:8      | Found a staircase to the Lair.
  6860 | D:8      | Noticed a death yak
  6860 | D:8      | Noticed a death yak
  6861 | D:8      | Noticed a death yak
  6883 | D:7      | Killed a death yak
  7032 | D:7      | Slain by a death yak

Levels and vault maps discovered:
D:1:      shiori_arrival_maze, layout_basic
D:2:      layout_loops_ring, kennysheep_slug_shrine, kennysheep_crisscross,
          uniq_robin
D:3:      layout_loops_cross, nicolae_dithmenos_through_a_glass_darkly,
          lemuel_coloured_pillars_altar, grunt_ministairs_15
D:4:      gammafunk_cloud_chamber, layout_cave_pools, minmay_temple_entry_glass,
          grunt_decor_mini_mirrors
D:5:      layout_loops_ring, first_ration, uniq_ijyb, uniq_blork_the_orc
D:6:      black_bear_nest_2, layout_basic, ashenzari_conservatory_becter,
          overflow_temple_1_default, gammafunk_ghost_gnarly_gnolls,
          hangedman_decor_slide_cut
D:7:      layout_loops_ring, the_bakery, serial_bayou_lagoon_b
D:8:      layout_gridville, dpeg_lair_monsters, gammafunk_ghost_grave,
          serial_shops, shop, shop, shop, shop

Skill      XL: |  1  2  3  4  5  6  7  8  9 10 |
---------------+-------------------------------+-----
Armour         | 3 4 5 6 |  6.3
Shields        | 3 4 5 6 |  6.3
Unarmed Combat | 3 4 5 6 7 |  7.1
Fighting       | 4 5 6 7 |  7.5
Invocations    | 1 2 3 4 5 6 |  6.3
Dodging        | 1 3 4 |  4.6

Action                   |  1- 3 |  4- 6 |  7- 9 | 10-12 || total
-------------------------+-------+-------+-------+-------++-------
Melee: Unarmed           |   120 |   266 |   392 |    53 ||   831
Evoke: Wand              |       |     1 |    17 |     4 ||    22
  Use: Scroll            |       |     9 |     5 |     3 ||    17
       Potion            |       |       |     3 |     1 ||     4
  Eat: Chunk             |     9 |    31 |    14 |     7 ||    61
       Ration            |       |       |     1 |       ||     1
Armor: Scale mail        |    47 |    95 |       |       ||   142
       Chain mail        |       |    20 |    85 |       ||   105
       Plate armour      |       |       |    65 |    17 ||    82
Dodge: Dodged            |    38 |    65 |   105 |    13 ||   221
Block: Shield            |    51 |   125 |   208 |    24 ||   408
